Map: 凯罗斯中转站-天梯版

Players

Neeb - Winner!

  • Race: Protoss Protoss

Reynor

  • Race: Zerg Zerg

Event: WESG 2018 Grand Finals

VOD

Have the link to the VOD?

Description

Time

  • Played on: March 13, 2019, 8:36 a.m.
  • Length: 9:24

All games in this series

Show
View Real Time Build Order
Export as new Build Order

Neeb Protoss - Winner!

Build Orders: 1 Gate Expand, Oracle Opening, Phoenix Opening, Mass Adepts 

Get SALT Encoding   

  12  0:00  Probe  
  13  0:12  Probe  
  14  0:19  Pylon  
  14  0:24  Probe  
  15  0:34  Probe  
  15  0:41  Gateway  
  15  0:42  Probe  
  17  0:50  Assimilator  
  17  0:51  Probe  
  18  1:04  Probe  
  19  1:16  Probe  
  20  1:28  Cybernetics Core  
  20  1:37  Nexus  
  20  1:40  Probe  
  20  1:46  Pylon  
  21  1:52  Probe  
  22  1:55  Assimilator  
  22  1:58  Adept  
  22  2:04  Probe  
  25  2:16  Probe  
  25  2:19  Adept  
  26  2:28  Probe  
  29  2:34  Stargate  
  29  2:40  Adept, Probe  
  29  2:41  Warp Gate  
  32  2:51  Probe  
  32  2:52  Probe  
  34  3:03  Probe  
  34  3:04  Probe  
  36  3:08  Adept  
  36  3:11  Phoenix  
  38  3:15  Probe  
  38  3:17  Probe  
  42  3:28  Probe  
  42  3:29  Probe  
  42  3:33  Gateway  
  42  3:36  Oracle  
  42  3:40  Probe  
  46  3:44  Probe  
  46  3:45  Pylon  
  45  3:50  Gateway  
  46  3:57  Twilight Council  
  46  3:58  Probe  
  46  3:59  Gateway  
  46  4:03  Probe  
  46  4:04  Pylon  
  47  4:10  Probe  
  47  4:13  Pylon, Assimilator  
  47  4:15  Probe  
  49  4:22  Probe  
  50  4:27  Resonating Glaives, Probe  
  50  4:30  Pylon  
  50  4:31  Adept x2  
  55  4:34  Probe  
  55  4:35  Assimilator  
  56  4:39  Probe  
  57  4:47  Probe  
  57  4:48  Adept  
  57  4:51  Probe  
  61  4:55  Adept x2  
  61  4:56  Adept  
  67  5:01  Probe  
  67  5:04  Robotics Facility  
  67  5:14  Nexus  
  67  5:17  Pylon  
  67  5:25  Adept x3  
  73  5:29  Adept  
  73  5:31  Probe x2  
  77  5:38  Pylon  
  77  5:44  Probe  
  77  5:46  Adept x3  
  77  5:48  Immortal  
  84  5:56  Probe  
  89  6:03  Adept  
  91  6:07  Adept  
  93  6:13  Nexus  
  93  6:21  Immortal  
  91  6:26  Probe  
  91  6:27  Probe  
  91  6:34  Sentry  
  91  6:35  Sentry  
  91  6:37  Gateway  
  91  6:39  Forge  
  89  6:41  Pylon  
  89  6:46  Sentry  
  89  6:47  Sentry  
  91  6:51  Immortal  
  81  7:04  Probe x2  
  81  7:05  Gateway  
  81  7:08  Gateway  
  81  7:09  Sentry  
  81  7:10  Sentry x3  
  81  7:11  Gateway  
  89  7:16  Pylon, Probe x2  
  89  7:20  Pylon  
  91  7:34  Adept x3  
  91  7:36  Warp Prism  
  95  7:40  Probe x3  
  95  7:43  Adept  
  94  7:52  Probe x2  
  94  7:54  Adept x2  
  100  8:00  Adept x3  
  100  8:02  Probe  
  100  8:04  Probe  
  108  8:05  Observer  
  108  8:06  Pylon  
  109  8:15  Adept x3  
  109  8:16  Probe  
  116  8:23  Adept x2  
  116  8:35  Adept x2, Assimilator  
  116  8:36  Assimilator  
  120  8:48  Adept x6  
  136  9:05  Adept x2  
  136  9:09  Adept x3  
  140  9:12  Adept  
Show
View Real Time Build Order
Export as new Build Order

Reynor Zerg 

Build Orders: Hatch First 

Get SALT Encoding   

  12  0:00  Drone  
  13  0:12  Overlord  
  13  0:16  Drone  
  14  0:30  Drone x2  
  14  0:34  Drone  
  17  0:53  Hatchery  
  17  0:56  Drone  
  17  0:59  Drone  
  17  1:01  Extractor  
  17  1:17  Spawning Pool  
  16  1:20  Drone  
  16  1:23  Drone  
  18  1:30  Drone  
  19  1:42  Drone  
  20  1:56  Overlord  
  20  2:03  Metabolic Boost  
  20  2:04  Queen, Zergling x2  
  20  2:06  Zergling x2  
  24  2:14  Queen  
  26  2:20  Zergling x2  
  26  2:21  Zergling x2  
  28  2:24  Drone  
  28  2:29  Drone  
  30  2:43  Hatchery  
  29  2:45  Zergling x2  
  29  2:47  Drone  
  31  2:53  Drone  
  31  2:58  Queen  
  32  3:04  Overlord  
  33  3:05  Zergling x2  
  33  3:08  Drone  
  35  3:16  Zergling x2  
  36  3:20  Overlord  
  36  3:23  Zergling x4  
  36  3:26  Drone x3  
  39  3:32  Spore Crawler  
  36  3:36  Drone  
  36  3:37  Drone  
  38  3:42  Drone  
  39  3:48  Drone  
  39  3:52  Drone  
  39  3:53  Spore Crawler  
  41  3:55  Drone  
  41  3:58  Drone  
  42  4:03  Overlord  
  42  4:08  Drone x2  
  42  4:09  Drone x2  
  46  4:13  Drone x2  
  46  4:15  Drone  
  46  4:16  Drone  
  50  4:22  Drone x2  
  50  4:24  Spore Crawler  
  51  4:28  Drone x2  
  51  4:29  Drone  
  54  4:37  Lair, Spore Crawler  
  53  4:38  Drone  
  53  4:44  Drone  
  53  4:45  Drone x2  
  56  4:47  Drone  
  56  4:49  Drone  
  58  4:54  Overlord  
  58  4:55  Roach Warren  
  58  4:56  Drone  
  58  4:59  Extractor  
  56  5:00  Overlord  
  56  5:06  Zergling x2  
  57  5:09  Overlord  
  57  5:13  Zergling x14  
  64  5:20  Drone x3  
  64  5:21  Extractor  
  66  5:23  Drone x2  
  66  5:25  Drone  
  69  5:32  Overlord  
  69  5:35  Roach x4  
  77  5:37  Overlord  
  77  5:40  Extractor  
  76  5:43  Overlord  
  76  5:47  Overlord  
  76  5:53  Roach x2  
  80  5:58  Roach x3  
  80  6:02  Roach  
  88  6:04  Zergling x8  
  88  6:05  Zergling x2  
  88  6:07  Queen  
  88  6:09  Roach x2  
  94  6:12  Roach, Zergling x2  
  94  6:15  Roach, Zergling x2  
  99  6:23  Roach x3  
  99  6:24  Zergling x2  
  96  6:27  Zergling x2  
  96  6:29  Roach  
  87  6:38  Roach x2, Zergling x4  
  87  6:42  Roach, Zergling x2  
  85  6:50  Drone x2  
  85  6:53  Drone  
  82  6:56  Roach  
  80  7:01  Drone x2  
  80  7:03  Drone  
  80  7:05  Drone  
  80  7:07  Drone x2  
  85  7:09  Drone  
  85  7:13  Drone  
  87  7:18  Queen, Drone x2  
  87  7:22  Glial Reconstitution  
  91  7:25  Zergling x2  
  89  7:31  Roach x2  
  89  7:34  Zergling x10  
  89  7:35  Zergling x2  
  94  7:39  Roach, Zergling x2  
  89  7:45  Roach  
  89  7:48  Roach  
  89  7:50  Roach  
  94  7:55  Roach  
  94  7:57  Ravager  
  97  7:59  Zergling x2  
  97  8:00  Zergling x4, Extractor  
  97  8:01  Overlord  
  97  8:02  Zergling x6  
  97  8:03  Zergling x2  
  97  8:04  Ravager  
  104  8:06  Extractor  
  104  8:07  Zergling x2  
  104  8:12  Drone  
  105  8:13  Overlord  
  105  8:15  Drone  
  105  8:16  Infestation Pit  
  105  8:21  Extractor  
  105  8:23  Roach x2  
  108  8:30  Drone x3  
  108  8:31  Roach x2  
  108  8:33  Drone x5  
  119  8:36  Drone  
  119  8:38  Roach  
  119  8:41  Overlord  
  118  8:49  Roach x2  
  118  8:52  Ravager x2  
  118  8:53  Roach  
  117  8:58  Roach x3  
Tags
 
Add a new tag
Caveats
  • Supply blocks, unpowered buildings, or Contaminate may cause inaccurate times.
  • Supply counts are checked every 10 seconds.